 Dungeon Crawl Stone Soup version 0.27-a0-1081-ge8a0a9c698 (webtiles) character file.

Game seed: 11477406486956158730

1 marklar909 the Sneak (level 1, 0/19 HPs)
             Began as a Palentonga Delver on Apr 25, 2021.
             Slain by a bullfrog skeleton (4 damage)
             ... on level 4 of the Dungeon.
             The game lasted 00:00:20 (33 turns).

marklar909 the Sneak (Palentonga Delver)              Turns: 33, Time: 00:00:20

Health: 0/19       AC:  4    Str: 15    XL:     1   Next: 16%
Magic:  1/1        EV:  9    Int: 10    God:
Gold:   0          SH:  0    Dex: 11    Spells: 0/0 levels left

rFire    . . .     SeeInvis +   h - +2 war axe (vorpal)
rCold    . . .     Faith    .   (no shield)
rNeg     . . .     Spirit   .   b - +0 leather armour
rPois    .         Reflect  .   (no helmet)
rElec    .         Harm     .   (no cloak)
rCorr    .         Rampage  .   (no gloves)
Will     .....                  (no barding)
Stlth    ++........             (no amulet)
HPRegen  0.06/turn              (no ring)
MPRegen  0.07/turn              (no ring)

@: no status effects
A: large, rugged brown scales 3, see invisible, deformed body, roll 1, armoured
tail
a: Rolling Charge


You were on level 4 of the Dungeon.
You visited 1 branch of the dungeon, and saw 2 of its levels.

Inventory:

Hand Weapons
 a - a +0 mace
 h - a +2 vorpal war axe (weapon)
Armour
 b - a +0 leather armour (worn)
Wands
 g - a wand of digging (3)
Scrolls
 c - a scroll of fog
 d - a scroll of magic mapping
 e - a scroll of fear
Potions
 f - a potion of haste


   Skills:
 + Level 3.1 Fighting
 + Level 2.0 Maces & Flails
 + Level 1.5 Dodging
 + Level 3.3 Stealth


You couldn't memorise any spells.
You didn't know any spells.
Your spell library was empty.

Dungeon Overview and Level Annotations

Branches:
Dungeon (5/15)
 Temple: D:4-7

Altars:


Innate Abilities, Weirdness & Mutations

You are completely covered in rugged brown scales. (AC +3, +7% HP)
You have supernaturally acute eyesight. (SInv)
Armour fits poorly on your strangely shaped body.
You can roll at nearby foes to attack.
You have a long armoured tail.


Message History

Found a stone staircase leading down.
The jackal bites you.
Found 13 gold pieces.
There is a stone staircase leading up here.
The jackal bites you but does no damage.
You climb upwards.
A bullfrog skeleton comes into view.
Found a glowing war axe.
There is a stone staircase leading down here.
The jackal bites you.
Found a stone staircase leading up.
The jackal barely misses you.
You see here a +2 vorpal war axe.
h - a +2 vorpal war axe The jackal barely misses you.
The jackal barely misses you. The jackal barely misses you.
h - a +2 vorpal war axe (weapon)
You closely miss the jackal.
Your tail-slap misses the jackal.
The jackal closely misses you. The jackal bites you.
You closely miss the jackal.
You tail-slap the jackal, but do no damage.
The jackal barely misses you.
The jackal pauses to sniff the ground.
The jackal closely misses you.
You slash the jackal!
You kill the jackal!
You barely miss the bullfrog skeleton.
You tail-slap the bullfrog skeleton, but do no damage.
The bullfrog skeleton closely misses you. x2
You hit the bullfrog skeleton.
The bullfrog skeleton is lightly damaged.
The bullfrog skeleton hits you!
The bullfrog skeleton barely misses you.
You slash the bullfrog skeleton!
The bullfrog skeleton is heavily damaged.
The bullfrog skeleton hits you.
* * * LOW HITPOINT WARNING * * *
The bullfrog skeleton hits you.
You die...

. ## # . #.###. ... ..
.....## ###..# #.
......###.....# #..
#..Z@.....# .#...
###..###.<..#
.≈....###............#
.......>.............#
.≈.............##.....
≈.##....##..##..# ....
#..###..## #... . #..
..## .... #... ...
....


You could see a bullfrog skeleton.

Vanquished Creatures
  A jackal (D:4)
1 creature vanquished.

Notes
Turn   | Place    | Note
-------+----------+-------------------------------------------
     0 | D:5      | marklar909 the Palentonga Delver began the quest for the
                  | Orb.
     0 | D:5      | Reached XP level 1. HP: 19/19 MP: 1/1
    33 | D:4      | Slain by a bullfrog skeleton

Illustrated notes

Levels and vault maps discovered:
D:4:      layout_layer_cave, serial_rivers, chequers_serial_rivers_large_a,
          chequers_serial_rivers_small_3, chequers_serial_rivers_large_b,
          chequers_serial_rivers_room_b, uniq_duvessa
D:5:      layout_cave_pools, lemuel_doored_altar, serial_gnoll_camp,
          gnoll_camp_medium_02, gnoll_camp_mini_shop, gnoll_camp_mini_basic,
          gnoll_camp_huts_moat, grums_kennel, gammafunk_ghost_hive,
          uniq_eustachio

Action                   || total
-------------------------++-------
Melee: War axe           ||     6
       Tailslap          ||     2
Armor: Leather armour    ||     1
Dodge: Dodged            ||    10

Table legend: (Time is in decaauts)
 A = Elapsed time spent in this place.
 B = Non-inter-level travel time spent in this place.
 C = Inter-level travel time spent in this place.
 D = Time resting spent in this place.
 E = Time spent auto-exploring this place.
 F = Levels seen in this place.
 G = Mean time per level.
                   A        B        C        D        E       F      G
               +--------+--------+--------+--------+--------+-----+--------+
         Total |     34 |     27 |      7 |      0 |      0 |   2 |   17.0 |
       Dungeon |     34 |     27 |      7 |      0 |      0 |   2 |   17.0 |
               +--------+--------+--------+--------+--------+-----+--------+

Top non-repeatable levels by time:
     D:5: 18 daAuts
     D:4: 16 daAuts
